 Dungeon Crawl Stone Soup version 0.22-a0-392-g5dc3fd9 (webtiles) character file.

33075 DrEnzyme the Archer (level 14, -8/99 HPs)
             Began as a Halfling Hunter on May 1, 2018.
             Was an Elder of Ru.
             Mangled by an ettin
             ... wielding a +0 dire flail
              (39 damage)
             ... on level 1 of the Orcish Mines on May 2, 2018.
             The game lasted 04:07:15 (23387 turns).

DrEnzyme the Archer (Halfling Hunter)              Turns: 23387, Time: 04:07:16

Health: -8/99      AC: 14    Str: 22    XL:     14   Next: 6%
Magic:  16/16      EV: 24    Int:  9    God:    Ru [****..]
Gold:   1361       SH:  0    Dex: 24    Spells: 11/13 levels left

rFire    . . .     SeeInvis +   b - +1 hunting sling "Gudint" {velocity, Dex+4}
rCold    . . .     Gourm    .   (shield restricted)
rNeg     . . .     Faith    .   K - +4 ring mail "Hozoyts" {MR+ Str+3}
rPois    .         Spirit   .   z - +1 hat {MR+}
rElec    +         Reflect  .   A - +1 cloak
rCorr    .         Harm     .   N - +2 pair of gloves of the Mind {*Contam rElec Regen+ SInv}
MR       +++..                  (no boots)
Stlth    +++++.....             Q - amulet of the acrobat
HPRegen  0.66/turn              o - +4 ring of strength
MPRegen  0.15/turn              p - ring "Tohoicho" {EV+1 Dex+2 Stlth+}

@: no potions
A: small, deformed body, mutation resistance 1, inability to drink while
threatened, no charms magic, no necromancy magic, no poison magic, unskilled 1
a: Draw Out Power, Power Leap, Renounce Religion


You were on level 1 of the Orcish Mines.
You worshipped Ru.
Ru was greatly pleased with you.
You were not hungry.

You visited 4 branches of the dungeon, and saw 19 of its levels.
You also visited: Sewer.

You collected 1607 gold pieces.
You spent 246 gold pieces at shops.

Inventory:

Hand Weapons
 a - a +5 shortbow of velocity
 b - the +1 hunting sling "Gudint" (weapon) {velocity, Dex+4}
   (You found it on level 6 of the Dungeon)

   Any stone fired from it inflicts extra damage.
   It affects your dexterity (+4).
 c - a +0 rapier
 S - a +0 shortbow of freezing
Missiles
 L - 192 stones (quivered)
 U - a throwing net
Armour
 y - the +1 ring mail "Amualol" {Dex+4}
   (You found it on level 4 of the Dungeon)

   It affects your dexterity (+4).
 z - a +1 hat of magic resistance (worn)
 A - a +1 cloak (worn)
 K - the +4 ring mail "Hozoyts" (worn) {MR+ Str+3}
   (You found it on level 2 of the Lair of Beasts)

   It affects your strength (+3).
   It affects your resistance to hostile enchantments.
 M - a +4 chain mail of cold resistance
 N - the +2 pair of gloves of the Mind (worn) {*Contam rElec Regen+ SInv}
   (You found it on level 9 of the Dungeon)

   It insulates you from electricity.
   It lets you see invisible.
   It causes magical contamination when unequipped.
   It increases your rate of regeneration.
 X - +0 gold dragon scales
Jewellery
 n - an uncursed ring of protection from cold
 o - a +4 ring of strength (left hand)
 p - the ring "Tohoicho" (right hand) {EV+1 Dex+2 Stlth+}
   (You acquired it on level 1 of the Lair of Beasts)

   [ring of evasion]

   It affects your evasion (+1).
   It affects your dexterity (+2).
   It makes you more stealthy.
 w - a +2 ring of evasion
 B - the cursed necklace of Bloodlust {*Rage +Rage MR++ Int-3 Slay+6 *Curse}
   (You found it on level 2 of the Lair of Beasts)

   [amulet of rage]

   It affects your intelligence (-3).
   It affects your accuracy and damage with ranged weapons and melee attacks
   (+6).
   It affects your resistance to hostile enchantments.
   It lets you go berserk.
   It may make you go berserk in combat.
   It curses itself when equipped.
   It has a curse placed upon it.
 F - an uncursed ring of flight
 Q - an amulet of the acrobat (around neck)
Wands
 v - a wand of digging (19)
 I - a wand of flame (47)
 V - a wand of enslavement (25)
 Y - a wand of polymorph (10)
Scrolls
 g - 3 scrolls of teleportation
 h - 6 scrolls of remove curse
 i - 5 scrolls of identify
 k - 4 scrolls of magic mapping
 q - a scroll of brand weapon
 s - a scroll of enchant armour
 t - 2 scrolls of blinking
 H - a scroll of vulnerability
Potions
 e - 6 potions of flight
 j - a potion of brilliance
 l - 4 potions of curing
 m - 3 potions of heal wounds
 r - 3 potions of might
 x - 2 potions of haste
 C - a potion of resistance
 W - a potion of invisibility
Miscellaneous
 G - a fan of gales
Comestibles
 f - 25 rations


   Skills:
 * Level 10.4 Fighting
 - Level 3.3 Short Blades
 - Level 3.7(3.8) Slings
 * Level 13.2 Bows
 + Level 0.5(1.6) Throwing
 + Level 6.3 Armour
 * Level 10.1 Dodging
 * Level 7.7 Stealth
 + Level 3.2 Evocations


You had 11 spell levels left.
You knew the following spells:

 Your Spells              Type           Power        Failure   Level  Hunger
a - Swiftness             Chrm/Air       #.......     67%         2    ###....


Dungeon Overview and Level Annotations

Branches:
Dungeon (11/15)            Temple (1/1) D:5            Lair (6/6) D:8
 Spider (0/4) Lair:3        Slime (0/5) Lair:6          Orc (1/2) D:9
  Swamp: Lair:2-4    Shoals: Lair:2-4

Altars:
Ashenzari
Cheibriados
Dithmenos
Elyvilon
Fedhas
Gozag
Hepliaklqana
Kikubaaqudgha
Makhleb
Nemelex Xobeh
Okawaru
Qazlal
Ru
Sif Muna
Trog
Uskayaw
Vehumet
Wu Jian
Xom
Yredelemnul
Zin
The Shining One
Beogh
Jiyva

Shops:
D:7 ?

Annotations:
D:2 1 exclusion
D:3 exclusions: door and downstairs
D:5 exclusion: 2 downstairs
D:6 Loudmushroom's ghost, novice MiBe
D:7 exclusion: downstairs
D:8 exclusions: downstairs, 2 killer bees and quokka
D:9 exclusion: downstairs
D:10 mordain's ghost, journeyman HOFi
D:11 Urug
Lair:1 exclusion: hydra
Lair:3 exclusion: 2 hydras
Lair:6 2 exclusions


Innate Abilities, Weirdness & Mutations

You are small and have problems with some larger weapons.
You are somewhat resistant to further mutation.
You cannot drink potions while threatened.
You cannot study or cast Charms magic.
You cannot study or cast Necromancy magic.
You cannot study or cast Poison magic.
You are somewhat unskilled. (-1 Apt)
Armour fits poorly on your strangely shaped body.


Message History

Aim: an ettin, wielding a dire flail and a dire flail of venom (heavily wounded)
You shoot a stone.
The stone hits the ettin but does no damage.
The ettin is heavily wounded.
The ettin hits you with a dire flail!!
You feel threatened and lose the ability to drink potions!
The ettin completely misses you.
You see here 2 arrows.
The sentinel's mark upon you fades away.
You cannot drink potions in your current state!
Unknown command.
Evoke which item? (* to show all) (? for menu, Esc to quit)
Aiming: Throw Flame
Press: ? - help, Shift-Dir - straight line, f/p - ettin
Aim: an ettin, wielding a dire flail and a dire flail of venom (moderately wounded)
The puff of flame hits the ettin.
The ettin appears unharmed.
The ettin is moderately wounded.
The ettin hits you with a dire flail!!
The ettin hits you with a dire flail of venom!!!
You die...

.................##.##
#................#...#
###.................#
#.................###
#.............##..##.##
#.....#................###
...........<>.....^#).#..##
##....#...................# ##
...............C@.).......#### #.
.........#..#.#.#......#...#.##..
......#...###.(..)...##.....##.
.#......(##....h)...#.........
###.......(.......#..........
###....#.#......##.........
###(#####.........).#....
#####.#...#)##...#.#...
##........))#...#._.#..


You could see an ettin and a warg.

Vanquished Creatures
  A catoblepas (Lair:6)
  A hydra (Lair:6)
  A centaur warrior (D:11)
  Erica (Orc:1)
  A two-headed ogre (D:9)
  3 death yaks
  Sonja (Lair:3)
  2 lindwurms (Lair:2)
  An orb spider (Lair:3)
  3 elephants (Lair:6)
  3 black mambas
  A gargoyle (D:8)
  9 spiny frogs
  A komodo dragon (Lair:6)
  4 rime drakes
  A troll (D:10)
  A polar bear (Lair:6)
  5 dream sheep
  7 hippogriffs
  4 blink frogs (Lair:4)
  34 yaks
  A spriggan (D:8)
  A wyvern (Lair:6)
  Sigmund (D:3)
  2 basilisks (Lair:6)
  2 hungry ghosts
  A steam dragon (Lair:6)
  Menkaure (D:5)
  Edmund (D:5)
  A soldier ant (D:11)
  9 water moccasins
  Duvessa (D:5)
  4 orc warriors
  3 porcupines
  3 sky beasts
  An eye of draining (D:8)
  An ice beast (D:8)
  A swamp drake (Lair:6)
  2 necrophages (D:10)
  3 centaurs
  7 ogres
  2 wolves (Lair:1)
  20 crocodiles
  13 bullfrogs
  Dowan (D:5)
  2 scorpions
  11 wights
  A killer bee (D:8)
  An electric eel (Lair:1)
  A lava snake (Lair:1)
  5 howler monkeys
  A crimson imp (D:11)
  4 centaur skeletons
  2 bullfrog zombies
  12 orc wizards
  2 bullfrog skeletons
  10 orc priests
  6 hounds
  8 iguanas
  A merfolk avatar (Sewer)
  A hell rat (D:8)
  12 worker ants
  2 merfolk sirens (Sewer)
  2 hound skeletons
  2 worker ant zombies (D:5)
  28 adders
  2 howler monkey skeletons
  6 river rats
  2 shadow imps
  An ooze (D:2)
  An adder zombie (D:7)
  5 worms
  2 dart slugs
  7 leopard geckos
  55 orcs
  13 ball pythons
  6 bats
  5 giant cockroaches
  11 goblins
  11 hobgoblins
  9 jackals
  4 quokkas
  7 frilled lizards
  8 kobolds
  A leopard gecko skeleton (D:4)
  A leopard gecko zombie (D:6)
  A quokka zombie (D:5)
  34 rats
473 creatures vanquished.

Vanquished Creatures (collateral kills)
  2 lindwurms (Lair:2)
  A rime drake (Lair:5)
  2 yaks (Lair:6)
  3 wolves (Lair:1)
8 creatures vanquished.

Vanquished Creatures (others)
  A death yak (D:8)
  A yak (Lair:6)
  7 fungi
  10 plants
19 creatures vanquished.

Grand Total: 500 creatures vanquished

Notes
Turn   | Place    | Note
-------+----------+-------------------------------------------
     0 | D:1      | DrEnzyme the Halfling Hunter began the quest for the Orb.
     0 | D:1      | Reached XP level 1. HP: 14/14 MP: 1/1
    63 | D:1      | Reached XP level 2. HP: 17/19 MP: 2/2
   425 | D:1      | Reached skill level 5 in Bows
   431 | D:1      | Reached XP level 3. HP: 24/24 MP: 3/3
   981 | D:2      | Reached XP level 4. HP: 12/29 MP: 4/4
  1324 | D:2      | Found a burning altar of Makhleb.
  1506 | D:2      | Reached skill level 1 in Armour
  1585 | D:2      | Reached XP level 5. HP: 34/34 MP: 5/5
  3061 | D:3      | Noticed Sigmund
  3224 | D:3      | Reached skill level 6 in Bows
  3224 | D:3      | Reached XP level 6. HP: 38/41 MP: 6/6
  3626 | D:3      | Reached skill level 1 in Short Blades
  4069 | D:4      | Reached XP level 7. HP: 45/45 MP: 7/7
  4197 | D:4      | Reached skill level 7 in Bows
  4256 | D:4      | Got an encrusted ring mail
  4270 | D:4      | Identified the cursed +1 ring mail "Amualol" {Dex+4} (You found it on level 4 of the Dungeon)
  5113 | D:5      | Entered Level 5 of the Dungeon
  5168 | D:5      | Noticed Menkaure
  5177 | D:5      | Killed Menkaure
  5177 | D:5      | Reached XP level 8. HP: 41/51 MP: 8/8
  5444 | D:5      | Reached skill level 8 in Bows
  5729 | D:5      | Noticed Edmund
  5738 | D:5      | Killed Edmund
  5809 | D:5      | Noticed Duvessa
  5925 | D:3      | Killed Sigmund
  6115 | D:5      | Found a sparkling altar of Nemelex Xobeh.
  6116 | D:5      | Found an opulent altar of Gozag.
  6319 | D:4      | Reached XP level 9. HP: 57/57 MP: 9/9
  6411 | D:5      | Found a snail-covered altar of Cheibriados.
  6411 | D:5      | Found a stormy altar of Qazlal.
  6639 | D:6      | Noticed Loudmushroom's ghost (novice MiBe)
  6758 | D:6      | Reached skill level 5 in Dodging
  6817 | D:6      | Found a glowing drain.
  6823 | Sewer    | Entered a sewer
  7426 | Sewer    | Reached skill level 9 in Bows
  7923 | D:6      | Got a slimy hunting sling
  7925 | D:6      | Identified the cursed +1 hunting sling "Gudint" {velocity, Dex+4} (You found it on level 6 of the Dungeon)
  8001 | D:6      | Found an ornate altar of the Wu Jian Council.
  8089 | D:6      | Reached skill level 5 in Stealth
  8801 | D:7      | Found Agi Qemn's Magic Scroll Emporium.
  8804 | D:7      | Bought a scroll of identify for 24 gold pieces
  8804 | D:7      | Bought a scroll of noise for 12 gold pieces
  8804 | D:7      | Bought a scroll of identify for 24 gold pieces
  8804 | D:7      | Bought a scroll of blinking for 90 gold pieces
  8804 | D:7      | Bought a scroll of identify for 24 gold pieces
  8804 | D:7      | Bought 2 scrolls of identify for 48 gold pieces
  8804 | D:7      | Bought a scroll of identify for 24 gold pieces
  9382 | D:7      | Reached skill level 10 in Bows
  9775 | D:8      | Noticed a death yak
  9776 | D:8      | Noticed a death yak
  9817 | D:8      | Reached XP level 10. HP: 65/65 MP: 10/10
  9833 | D:8      | Noticed a gargoyle
 10978 | D:8      | Reached skill level 5 in Fighting
 10997 | D:8      | Found a bloodstained altar of Trog.
 10997 | D:8      | Found an ancient bone altar of Kikubaaqudgha.
 10997 | D:8      | Found a hazy altar of Hepliaklqana.
 11358 | D:8      | Noticed a death yak
 11382 | D:8      | Reached skill level 11 in Bows
 11446 | D:9      | Got a pair of steaming gloves
 11471 | D:8      | Identified the +2 pair of gloves of the Mind {*Contam rElec Regen+ SInv} (You found it on level 9 of the Dungeon)
 11701 | D:9      | Noticed a two-headed ogre
 11704 | D:9      | Killed a two-headed ogre
 11704 | D:9      | Reached skill level 1 in Evocations
 12168 | D:9      | Found a shadowy altar of Dithmenos.
 12425 | D:9      | Found a staircase to the Orcish Mines.
 12596 | D:10     | Entered Level 10 of the Dungeon
 12832 | D:10     | Reached skill level 12 in Bows
 12908 | D:10     | Reached XP level 11. HP: 72/72 MP: 11/11
 13559 | D:10     | Noticed mordain's ghost (journeyman HOFi)
 13705 | D:10     | Reached skill level 13 in Bows
 13706 | D:10     | Reached skill level 5 in Armour
 14424 | D:11     | Noticed Urug
 14850 | D:11     | Noticed a centaur warrior
 14893 | D:11     | Killed a centaur warrior
 15485 | D:8      | Killed a death yak
 15517 | D:8      | Reached XP level 12. HP: 51/81 MP: 13/13
 15527 | D:8      | Killed a death yak
 15559 | D:8      | Found a staircase to the Lair.
 15644 | Lair:1   | Entered Level 1 of the Lair of Beasts
 15733 | Lair:1   | Reached skill level 14 in Bows
 15974 | Lair:1   | Gained mutation: Armour fits poorly on your strangely shaped body. [potion of mutation]
 15986 | Lair:1   | Identified a scroll of acquirement
 15989 | Lair:1   | Got an ancient marble ring
 15991 | Lair:1   | Identified the ring "Tohoicho" {EV+1 Dex+2 Stlth+} (You acquired it on level 1 of the Lair of Beasts)
 16018 | Lair:1   | Learned a level 2 spell: Swiftness
 16074 | Lair:1   | Noticed a seven-headed hydra
 16560 | D:5      | Killed Duvessa
 16568 | D:5      | Found a staircase to the Ecumenical Temple.
 16568 | D:5      | Noticed Dowan
 16575 | D:5      | Killed Dowan
 16581 | D:5      | Reached skill level 1 in Slings
 16622 | Temple   | Entered the Ecumenical Temple
 16693 | Temple   | Became a worshipper of Ru the Awakened
 17673 | Lair:2   | Killed a lindwurm
 17686 | Lair:2   | Found the cursed necklace of Bloodlust {*Rage +Rage MR++ Int-3 Slay+6 *Curse}
 17701 | Lair:2   | Got an encrusted ring mail
 17737 | Lair:2   | Identified the +4 ring mail "Hozoyts" {MR+ Str+3} (You found it on level 2 of the Lair of Beasts)
 18115 | Lair:3   | Gained mutation: You cannot drink potions while threatened. [Ru sacrifice]
 18115 | Lair:3   | Reached * piety under Ru
 18186 | Lair:3   | Noticed a six-headed hydra
 18245 | Lair:3   | Reached skill level 10 in Dodging
 18346 | Lair:3   | Noticed a six-headed hydra
 18422 | Lair:3   | Found a hole to the Spider Nest.
 18943 | Lair:3   | Noticed Sonja
 18978 | Lair:3   | Killed Sonja
 18978 | Lair:3   | Reached XP level 13. HP: 81/90 MP: 15/15
 20090 | Lair:5   | Reached skill level 10 in Fighting
 20119 | Lair:5   | Gained mutation: You cannot study or cast Poison magic. [Ru sacrifice]
 20119 | Lair:5   | Gained mutation: You cannot study or cast Necromancy magic. [Ru sacrifice]
 20119 | Lair:5   | Gained mutation: You cannot study or cast Charms magic. [Ru sacrifice]
 20119 | Lair:5   | Reached ** piety under Ru
 21081 | Lair:6   | Entered Level 6 of the Lair of Beasts
 22100 | Lair:6   | Noticed a five-headed hydra
 22110 | Lair:6   | Killed a five-headed hydra
 22132 | Lair:6   | Noticed a catoblepas
 22146 | Lair:6   | Found a viscous altar of Jiyva.
 22147 | Lair:6   | Found a staircase to the Slime Pits.
 22170 | Lair:6   | Gained mutation: You are somewhat unskilled. (-1 Apt) [Ru sacrifice]
 22170 | Lair:6   | Reduced skill Fighting to level 10
 22170 | Lair:6   | Reduced skill Bows to level 13
 22170 | Lair:6   | Reached *** piety under Ru
 22170 | Lair:6   | Reached **** piety under Ru
 22469 | Lair:6   | Killed a catoblepas
 22867 | Lair:6   | Reached XP level 14. HP: 99/99 MP: 16/16
 23014 | Orc:1    | Entered Level 1 of the Orcish Mines
 23084 | Orc:1    | Found an iron altar of Okawaru.
 23197 | Orc:1    | Noticed Erica
 23205 | Orc:1    | Killed Erica
 23256 | Orc:1    | Found a roughly hewn altar of Beogh.
 23387 | Orc:1    | Mangled by an ettin

Vault maps used:
D:1:      dpeg_arrival_stone_temple_mockup, minmay_crystal_room
D:2:      lemuel_round_altar, serial_bayou_pond_a, roderic_serpentine_path,
          kennysheep_generic_room_15
D:3:      first_ration, minmay_misc_feat_x, solitary_fountain, uniq_sigmund
D:4:      minmay_misc_feat_columns
D:5:      grunt_temple_overflow_opulence, gammafunk_temple_overflow_elements,
          temple_fountains, uniq_menkaure, uniq_duvessa, uniq_edmund
D:6:      kennysheep_little_box, lightli_sewer_entry_pipes,
          uniq_crazy_yiuf_cottage
D:7:      serial_shops, shop
D:8:      gammafunk_temple_overflow_claw, dpeg_lair_monsters,
          serial_co_window_serial, co_window_paths_b, co_window_paths_a,
          co_window_paths_a, co_window_paths_a, co_window_corner_a,
          co_window_corner_b, co_window_paths_c, co_window_2corner,
          co_window_corner_b, co_window_paths_e, co_window_4corner_b,
          glass_columns_a, glass_columns_c, glass_columns_a, the_bakery,
          minivault_25
D:9:      nicolae_dithmenos_the_darkroom, erik_orc_3
D:11:     lightli_fourway_metalbox, uniq_urug
Temple:   nicolae_temple_x_marks_the_god
Lair:1:   serial_bayou_pond_e, serial_bayou_shore_a,
          infiniplex_staircase_pool_2, grunt_megastairs_5
Lair:2:   minmay_lindwurm_lava, lemuel_fruit_fields
Lair:3:   minmay_swamp_entry_reptiles, nicolae_spider_entry_orb_guardian,
          minmay_hedge_maze, uniq_sonja
Lair:4:   serial_bayou_pond_e, minivault_23
Lair:5:   wad_woods_04, grunt_megastairs_1
Lair:6:   guppyfry_lair_end_dragon, slime_altar_1, grunt_megastairs_3,
          serial_bayou_shore_b
Orc:1:    basic_altar, okawaru_metal_pillars_3, uniq_erica, uniq_harold
Sewer:    sewer_sea

Skill      XL: |  1  2  3  4  5  6  7  8  9 10 11 12 13 |
---------------+----------------------------------------+-----
Fighting       | 2 3 4 5 7 8 10 | 10.4
Bows           | 5 6 7 8 10 12 13 14 13 | 13.2
Armour         | 1 2 3 4 5 6 |  6.3
Dodging        | 3 4 6 7 8 10 | 10.1
Stealth        | 2 3 4 5 6 7 |  7.7
Short Blades   | 1 2 3 |  3.3
Evocations     | 1 2 3 |  3.2
Slings         | 4 3 |  3.7
Throwing       | |  0.5

Action                   |  1- 3 |  4- 6 |  7- 9 | 10-12 | 13-15 || total
-------------------------+-------+-------+-------+-------+-------++-------
Melee: Short sword       |    60 |     2 |     9 |       |       ||    71
       Rapier            |       |       |       |    86 |     2 ||    88
 Fire: Shortbow          |    68 |   216 |   507 |   824 |   393 ||  2008
       Hunting sling     |       |       |       |   150 |    80 ||   230
Throw: Stone             |       |       |       |     2 |     6 ||     8
       Tomahawk          |       |       |       |     2 |       ||     2
Invok: Sacrifice Drink   |       |       |       |     1 |       ||     1
       Sacrifice Arcana  |       |       |       |       |     1 ||     1
       Sacrifice Skill   |       |       |       |       |     1 ||     1
 Abil: Evoke Flight      |       |       |       |     4 |       ||     4
       Stop Flying       |       |       |       |     2 |       ||     2
Evoke: Wand              |       |       |     4 |    31 |    11 ||    46
       Phantom mirror    |       |       |       |     1 |     1 ||     2
       Fan of gales      |       |       |       |     1 |       ||     1
  Use: Scroll            |       |     2 |    11 |    21 |    12 ||    46
       Potion            |       |       |     3 |     5 |     2 ||    10
  Eat: Chunk             |       |     6 |     9 |    12 |     2 ||    29
       Ration            |       |     1 |     3 |     5 |     3 ||    12
Armor: Leather armour    |    29 |     7 |       |       |       ||    36
       Ring mail         |       |       |    36 |    60 |    21 ||   117
Dodge: Dodged            |   105 |    61 |   139 |   331 |   180 ||   816

Table legend:
 A = Spawn XP
 B = Non-spawn XP
 C = Spawn XP percentage of total XP
 D = Spawn monster count
 E = Non-spawn monster count
 F = Spawn count percentage of total count
 G = Total turns spent on level
                    A         B        C        D         E        F      G
               +---------+---------+-------+---------+---------+-------+---------
         Total |       0 |   47251 |   0.0 |       0 |     482 |   0.0 | 23387
               +---------+---------+-------+---------+---------+-------+---------
           D:1 |       0 |      48 |   0.0 |       0 |      26 |   0.0 |   852
           D:2 |       0 |     141 |   0.0 |       0 |      30 |   0.0 |  1793
           D:3 |       0 |     437 |   0.0 |       0 |      27 |   0.0 |  1295
           D:4 |       0 |     503 |   0.0 |       0 |      32 |   0.0 |  1335
           D:5 |       0 |    1210 |   0.0 |       0 |      32 |   0.0 |  1655
           D:6 |       0 |     663 |   0.0 |       0 |      25 |   0.0 |  1392
           D:7 |       0 |     766 |   0.0 |       0 |      20 |   0.0 |   874
           D:8 |       0 |    3996 |   0.0 |       0 |      26 |   0.0 |  2470
           D:9 |       0 |    2236 |   0.0 |       0 |      31 |   0.0 |  1101
          D:10 |       0 |    4799 |   0.0 |       0 |      36 |   0.0 |  1741
          D:11 |       0 |    2153 |   0.0 |       0 |      27 |   0.0 |   985
        Lair:1 |       0 |    2123 |   0.0 |       0 |      14 |   0.0 |   795
        Lair:2 |       0 |    4836 |   0.0 |       0 |      18 |   0.0 |  1097
        Lair:3 |       0 |    3980 |   0.0 |       0 |      19 |   0.0 |  1255
        Lair:4 |       0 |    3261 |   0.0 |       0 |      14 |   0.0 |   676
        Lair:5 |       0 |    3131 |   0.0 |       0 |      13 |   0.0 |  1217
        Lair:6 |       0 |   11314 |   0.0 |       0 |      38 |   0.0 |  1757
         Orc:1 |       0 |    1486 |   0.0 |       0 |      15 |   0.0 |   373
         Sewer |       0 |     168 |   0.0 |       0 |      39 |   0.0 |   645
               +---------+---------+-------+---------+---------+-------+---------
